[Event "Team 45 45 League T50"]
[Site "Internet Chess Club"]
[Date "2011.08.15"]
[Round "1"]
[White "Tyndale"]
[Black "Traho"]
[Result "1-0"]
[WhiteElo "1077"]
[BlackElo "1249"]
[Opening "Caro-Kann defense"]
[ECO "B10"]
[Time "19:03:30"]
[TimeControl "2700+45"]

1. e4 c6 2. Nf3 d5 3. Bd3 Bg4 4. e5 h6 5. h3 Bh5 6. O-O e6 7. g4 Bg6 8. Bxg6
fxg6 9. d4 c5 10. Nc3 a6 11. Bf4 Nc6 12. Qd3 Nge7 13. dxc5 Nb4 14. Qd4 Nxc2 15.
Qa4+ Qd7 16. Qxc2 Rc8 17. Na4 Qc6 18. Nd4 Qc7 19. Nxe6 Qa5 20. Bd2 Qb5 21. Nd4
Qd7 22. Nb6 {Black resigns} 1-0

[Event "Team 45 45 League T50"]
[Site "Internet Chess Club"]
[Date "2011.08.16"]
[Round "1"]
[White "WannaB"]
[Black "kjs110"]
[Result "0-1"]
[WhiteElo "1110"]
[BlackElo "1071"]
[Opening "Philidor's defense"]
[ECO "C41"]
[Time "21:00:21"]
[TimeControl "2700+45"]

1. e4 e5 2. Nf3 d6 3. c3 g6 4. Bc4 Bg7 5. O-O Nf6 6. d3 O-O 7. Re1 Nc6 8. b4 Qe8
9. a4 Be6 10. Bxe6 Qxe6 11. Ng5 Qe8 12. Be3 b6 13. d4 Rd8 14. Qe2 exd4 15. cxd4
Nxe4 16. Nxe4 Qxe4 17. Nd2 Nxd4 18. Bxd4 Qxe2 19. Rxe2 Bxd4 20. Rd1 Bc3 21. Rc1
Bxb4 22. Nc4 Rde8 23. Rxe8 Rxe8 24. Rf1 Re1 25. Rxe1 Bxe1 26. Kf1 Bb4 27. Ne3 c5
28. Ke2 a6 29. Nd5 b5 30. axb5 axb5 31. Kd3 Ba3 32. Kc3 b4+ 33. Kb3 f5 34. Kc4
g5 35. f3 f4 36. g3 fxg3 37. hxg3 h5 38. Nf6+ Kf7 39. Nxh5 d5+ 40. Kb3 c4+ 41.
Kc2 b3+ 42. Kb1 Kg6 43. g4 c3 44. Ng3 c2+ {White resigns} 0-1

[Event "Team 45 45 League T50"]
[Site "Internet Chess Club"]
[Date "2011.08.11"]
[Round "1"]
[White "Cicero"]
[Black "otib2006"]
[Result "0-1"]
[WhiteElo "1377"]
[BlackElo "1327"]
[Opening "Sicilian"]
[ECO "B56"]
[Time "14:00:21"]
[TimeControl "2700+45"]

1. e4 c5 2. Ne2 d6 3. d4 cxd4 4. Nxd4 Nf6 5. Nc3 e5 6. Nf3 Be7 7. Bc4 O-O 8. O-O
Bg4 9. Be2 Nc6 10. h3 Bxf3 11. Bxf3 Nd4 12. Nd5 Nxf3+ 13. Qxf3 Nxd5 14. exd5 Bg5
15. c4 Rc8 16. Bxg5 Qxg5 17. Qb3 b6 18. Qb4 Qf4 19. b3 Qf6 20. Rae1 Rc5 21. Re4
Qe7 22. f4 f5 23. Re2 e4 24. Rf3 Qf6 25. Rg3 Qa1+ 26. Qe1 Qxe1+ 27. Rxe1 b5 28.
b4 Rxc4 29. a3 Rd4 30. Rc1 Rxd5 31. Rc7 Rf7 32. Rc8+ Rf8 33. Rc7 g6 34. h4 Rd3
35. Rg5 Rd1+ 36. Kh2 Rf7 37. Rc8+ Kg7 38. h5 Rf1 39. g3 e3 40. Kg2 e2 41. a4
e1=Q 42. Rc2 Rg1+ 43. Kf3 Rf1+ 44. Rf2 Qxf2# {White checkmated} 0-1

[Event "Team 45 45 League T50"]
[Site "Internet Chess Club"]
[Date "2011.08.10"]
[Round "1"]
[White "semperfi"]
[Black "IanT"]
[Result "0-1"]
[WhiteElo "1264"]
[BlackElo "1448"]
[Opening "Colle system"]
[ECO "A46"]
[Time "21:02:03"]
[TimeControl "2700+45"]

1. d4 Nf6 2. Nf3 e6 3. c3 d5 4. e3 c5 5. Bd3 Nc6 6. Nbd2 Bd6 7. O-O O-O 8. dxc5
Bxc5 9. e4 Qd6 10. Qe2 dxe4 11. Nxe4 Nxe4 12. Qxe4 f5 13. Qe2 Rd8 14. Rd1 b6 15.
Ng5 Ne7 16. Qh5 h6 17. Nf7 Qc7 18. Nxd8 Qxd8 19. Bf4 Qf8 20. b4 Nd5 21. Be5 Be7
22. Bc4 Nf6 23. Bxf6 Bxf6 24. Qf3 Rb8 25. Qc6 Bxc3 26. Bxe6+ Bxe6 27. Qxe6+ Kh8
28. Rab1 Bxb4 29. Rd7 Re8 30. Qc4 a5 31. Qd3 Bc5 32. Rd1 Qf6 33. Rd5 Qe6 34. Rd8
Rxd8 35. Qxd8+ Kh7 36. Kf1 Qxa2 37. Qh4 Qc2 38. Re1 b5 39. g3 Qxf2# {White
checkmated} 0-1

[Event "Team 45 45 League T50"]
[Site "Internet Chess Club"]
[Date "2011.08.12"]
[Round "1"]
[White "maliboum"]
[Black "CoasterBrake"]
[Result "1-0"]
[WhiteElo "1138"]
[BlackElo "1131"]
[Opening "Caro-Kann: classical, Maróczy attack"]
[ECO "B18"]
[Time "11:00:49"]
[TimeControl "2700+45"]

1. e4 c6 2. d4 d5 3. Nc3 dxe4 4. Nxe4 Bf5 5. Ng3 Bg6 6. f4 h6 7. Nf3 Nd7 8. c3
e6 9. Bd3 Bxd3 10. Qxd3 Bd6 11. Nh5 Bf8 12. O-O Ngf6 13. Ng3 Bd6 14. Ne5 Bxe5
15. dxe5 Nd5 16. Kh1 Qb6 17. b4 O-O-O 18. a4 g6 19. Ne4 g5 20. Nd6+ Kb8 21. Nxf7
Nxf4 22. Qd6+ Kc8 23. Bxf4 Rhf8 24. Nxd8 Kxd8 25. Rad1 Rf7 26. Bxg5+ hxg5 27.
Rxf7 {Black resigns} 1-0

[Event "Team 45 45 League T50"]
[Site "Internet Chess Club"]
[Date "2011.08.12"]
[Round "1"]
[White "WzeroMN"]
[Black "lawth3"]
[Result "1/2-1/2"]
[WhiteElo "1093"]
[BlackElo "1108"]
[Opening "Caro-Kann defense"]
[ECO "B10"]
[Time "15:59:26"]
[TimeControl "2700+45"]

1. e4 c6 2. Nf3 d5 3. d3 Bg4 4. Be2 Nd7 5. Bf4 dxe4 6. dxe4 e5 7. Nxe5 Bxe2 8.
Qxd7+ Qxd7 9. Nxd7 Bb4+ 10. Nc3 Bh5 11. Ne5 Nf6 12. f3 Ng8 13. O-O-O f6 14. Nd3
Ba5 15. Nc5 b6 16. Ne6 Kf7 17. Nd4 Ne7 18. g4 Bg6 19. Bd6 Rhe8 20. Bxe7 Rxe7 21.
Nxc6 Rc7 22. Nxa5 bxa5 23. Rd5 Ke6 24. Rxa5 Be8 25. Rd1 Bc6 26. Ra3 a5 27. Ne2
g5 28. Nd4+ Ke5 29. Nxc6+ Rxc6 30. Rad3 Rac8 31. c3 Kf4 32. Kc2 Rc4 33. b3 R4c5
34. c4 R8c6 35. Rd6 Kxf3 36. Rxc6 Rxc6 37. h3 Kxe4 38. Re1+ Kd4 39. Rd1+ Kc5 40.
Rd5+ Kb6 41. c5+ Rxc5+ 42. Rxc5 Kxc5 43. Kc3 Kd5 44. Kd3 Ke5 45. Ke3 f5 46. gxf5
Kxf5 47. Kf3 h5 48. a3 Ke5 49. Ke3 {Game drawn by mutual agreement} 1/2-1/2

[Event "Team 45 45 League T50"]
[Site "Internet Chess Club"]
[Date "2011.08.15"]
[Round "1"]
[White "mitus"]
[Black "andrew32"]
[Result "1-0"]
[WhiteElo "1817"]
[BlackElo "1646"]
[Opening "Pirc: Ufimtsev-Pytel variation"]
[ECO "B07"]
[Time "11:01:22"]
[TimeControl "2700+45"]

1. e4 d6 2. d4 Nf6 3. Nc3 c6 4. Nf3 g6 5. Bc4 Bg7 6. Be3 O-O 7. Qd2 b5 8. Bd3
Nbd7 9. Bh6 e5 10. Bxg7 Kxg7 11. O-O exd4 12. Nxd4 Ne5 13. f4 Nxd3 14. Qxd3 Bb7
15. e5 Ne8 16. Nf3 dxe5 17. fxe5 Nc7 18. Qe3 b4 19. Rad1 Qe7 20. Ne4 Nd5 21. Qd4
Kg8 22. Nf6+ Nxf6 23. exf6 Qc7 24. Qh4 Qb6+ 25. Kh1 h5 26. Qg5 Kh7 27. Ne5 Rad8
28. Nd7 Rxd7 29. Rxd7 c5 30. Re1 Qc6 31. Ree7 Kg8 32. Qxg6+ {Black resigns} 1-0

[Event "Team 45 45 League T50"]
[Site "Internet Chess Club"]
[Date "2011.08.12"]
[Round "1"]
[White "isolani"]
[Black "Warpdrive"]
[Result "1-0"]
[WhiteElo "1539"]
[BlackElo "1597"]
[Opening "King's Indian: London system"]
[ECO "A48"]
[Time "20:05:14"]
[TimeControl "2700+45"]

1. d4 Nf6 2. Nf3 g6 3. Bf4 Bg7 4. e3 O-O 5. c3 d6 6. Nbd2 Nbd7 7. h3 c5 8. Be2
b6 9. O-O Bb7 10. a4 Nd5 11. Bg3 Re8 12. e4 Nc7 13. Nc4 Bxe4 14. Ng5 Bc6 15. f4
cxd4 16. cxd4 h6 17. Nxf7 Kxf7 18. Ne5+ dxe5 19. fxe5+ Kg8 20. Qc2 Bd5 21. Qxg6
Rf8 22. Bf4 Qe8 23. Qg3 Kh8 24. Bd3 Rg8 25. Qh4 h5 26. Qg5 Qf7 27. Bg6 Ne6 28.
Qxh5+ Bh6 29. Qxh6+ {Black resigns} 1-0

[Event "Team 45 45 League T50"]
[Site "Internet Chess Club"]
[Date "2011.08.12"]
[Round "1"]
[White "tryanything"]
[Black "Andressa"]
[Result "1/2-1/2"]
[WhiteElo "1572"]
[BlackElo "1443"]
[Opening "Two knights defense"]
[ECO "C55"]
[Time "15:55:40"]
[TimeControl "2700+45"]

1. e4 e5 2. Nf3 Nc6 3. Bc4 Nf6 4. O-O Bc5 5. d4 Bxd4 6. Nxd4 Nxd4 7. Bg5 h6 8.
Bh4 O-O 9. f4 d6 10. fxe5 dxe5 11. Bxf6 gxf6 12. c3 b5 13. cxd4 bxc4 14. dxe5
Qxd1 15. Rxd1 fxe5 16. Nc3 f5 17. Rd5 Re8 18. Rc5 fxe4 19. Nxe4 Re7 20. Rxc4 Ba6
21. Rc5 Rf8 22. Rc6 Bb7 23. Rg6+ Kf7 24. Rf6+ Kg7 25. Rxf8 Kxf8 26. Nc5 Bd5 27.
a3 Rg7 28. g3 Ke7 29. Rd1 Kd6 30. Ne4+ Ke6 31. Nc3 c6 32. Kf2 {Game drawn by
mutual agreement} 1/2-1/2

[Event "Team 45 45 League T50"]
[Site "Internet Chess Club"]
[Date "2011.08.14"]
[Round "1"]
[White "PANAMA-REY"]
[Black "PostMike"]
[Result "1-0"]
[WhiteElo "1458"]
[BlackElo "1448"]
[Opening "Sicilian: closed"]
[ECO "B23"]
[Time "14:32:06"]
[TimeControl "2700+45"]

1. e4 c5 2. Nc3 d6 3. Bb5+ Nc6 4. Bxc6+ bxc6 5. f4 g6 6. Nf3 Bg7 7. d3 Nf6 8.
O-O e6 9. e5 Nd5 10. Ne4 dxe5 11. fxe5 O-O 12. Nxc5 Qb6 13. d4 a5 14. c4 Nc7 15.
b3 Na6 16. Ne4 c5 17. Be3 Rd8 18. Nd6 Bf8 19. dxc5 Nxc5 20. Ng5 Bxd6 21. exd6
Rd7 22. Qf3 Raa7 23. Nxe6 Bb7 24. Qf2 Ne4 25. Bxb6 Nxf2 26. Bxa7 Bxg2 27. Rxf2
fxe6 28. Kxg2 Rxa7 29. Rd1 {Black resigns} 1-0

[Event "Team 45 45 League T50"]
[Site "Internet Chess Club"]
[Date "2011.08.14"]
[Round "1"]
[White "bayoumicardio10"]
[Black "beitmery"]
[Result "1-0"]
[WhiteElo "1615"]
[BlackElo "1602"]
[Opening "Scandinavian: Pytel-Wade variation"]
[ECO "B01"]
[Time "16:11:32"]
[TimeControl "2700+45"]

1. e4 d5 2. exd5 Qxd5 3. Nc3 Qd6 4. g3 Nf6 5. Bg2 Nc6 6. Nf3 Bg4 7. h3 Bh5 8. g4
Bg6 9. d4 O-O-O 10. Be3 e5 11. dxe5 Qe6 12. Qe2 Nxe5 13. Nxe5 Qxe5 14. f4 Qxe3
15. Qxe3 Re8 16. Qxe8+ Nxe8 17. f5 Bc5 18. fxg6 hxg6 19. O-O-O Nd6 20. Rhe1 f5
21. gxf5 gxf5 22. a3 Nf7 23. Nd5 Kb8 24. Ne7 f4 25. Ng6 Be3+ 26. Rxe3 fxe3 27.
Nxh8 e2 28. Re1 Nxh8 29. Rxe2 {Black resigns} 1-0

[Event "Team 45 45 League T50"]
[Site "Internet Chess Club"]
[Date "2011.08.13"]
[Round "1"]
[White "Tjet"]
[Black "staccato"]
[Result "1-0"]
[WhiteElo "1479"]
[BlackElo "1357"]
[Opening "English opening"]
[ECO "A20"]
[Time "18:00:40"]
[TimeControl "2700+45"]

1. c4 e5 2. g3 Nc6 3. Bg2 Nf6 4. d3 Bc5 5. e3 O-O 6. Ne2 d6 7. O-O d5 8. cxd5
Nxd5 9. Nbc3 Nxc3 10. Nxc3 f5 11. a3 e4 12. b4 Be7 13. dxe4 Qxd1 14. Rxd1 fxe4
15. Bxe4 Bh3 16. Bg2 Bg4 17. Rd2 Ne5 18. Bxb7 Rab8 19. Bd5+ Kh8 20. f4 Nd7 21.
Bg2 Nb6 22. Bf1 Bf6 23. Bb2 Nc4 24. Bxc4 Rbe8 25. Kf2 h5 26. Be2 Bh3 27. Bxh5
Re6 28. Rad1 Be5 29. Ne2 Bd6 30. Bf3 Rfe8 31. Bc3 Rxe3 32. Be5 Bxe5 33. fxe5
R8xe5 34. Nf4 Bc8 35. Ng6+ {Black resigns} 1-0

[Event "Team 45 45 League T50"]
[Site "Internet Chess Club"]
[Date "2011.08.13"]
[Round "1"]
[White "MCJR"]
[Black "dpmdpm"]
[Result "1-0"]
[WhiteElo "1435"]
[BlackElo "1539"]
[Opening "Queen's bishop game"]
[ECO "D02"]
[Time "10:00:29"]
[TimeControl "2700+45"]

1. d4 d5 2. Nf3 Nf6 3. Bf4 e6 4. e3 c5 5. c3 cxd4 6. exd4 Bd6 7. Ne5 O-O 8. Bd3
Nc6 9. O-O b6 10. Nd2 Bb7 11. Qf3 Qe7 12. Qh3 g6 13. Rfe1 Rac8 14. Bg5 Qd8 15.
Ndf3 Be7 16. Bh6 Re8 17. Bg5 Nxe5 18. Nxe5 Nd7 19. Bxe7 Qxe7 20. Bb5 Red8 21.
Bxd7 Rxd7 22. Nxd7 Qxd7 23. Re3 Qb5 24. Rb1 a5 25. a3 a4 26. Qg4 Bc6 27. Qe2 Qa5
28. Qe1 Qa7 29. Rxe6 fxe6 30. Qxe6+ Kf8 31. Qxc8+ {Black resigns} 1-0

[Event "Team 45 45 League T50"]
[Site "Internet Chess Club"]
[Date "2011.08.13"]
[Round "1"]
[White "bmw2002"]
[Black "pudge"]
[Result "1-0"]
[WhiteElo "1553"]
[BlackElo "1405"]
[Opening "English opening"]
[ECO "A20"]
[Time "13:00:22"]
[TimeControl "2700+45"]

1. c4 e5 2. g3 Nc6 3. Bg2 Nf6 4. Nc3 Bb4 5. a3 Bxc3 6. bxc3 d5 7. cxd5 Nxd5 8.
Qb3 Nde7 9. Nf3 Rb8 10. Ng5 O-O 11. O-O h6 12. Ne4 Be6 13. Qb2 f5 14. Nc5 Bd5
15. e4 fxe4 16. Nxe4 Ng6 17. d3 Nce7 18. Be3 b6 19. Qc2 Qd7 20. a4 a5 21. Rfd1
Qe6 22. c4 Bb7 23. c5 Nd5 24. Bd2 Kh8 25. Qc4 Qf7 26. cxb6 cxb6 27. Rf1 Qd7 28.
Rfb1 Nf6 29. Nxf6 Rxf6 30. Be4 Bxe4 31. Qxe4 Rd8 32. Ra3 Qd6 33. Rab3 Rb8 34.
Bxa5 Rbf8 35. Bxb6 Rxf2 36. Bxf2 {Black resigns} 1-0

[Event "Team 45 45 League T50"]
[Site "Internet Chess Club"]
[Date "2011.08.13"]
[Round "1"]
[White "spongenotbob"]
[Black "Gilguli"]
[Result "1-0"]
[WhiteElo "1419"]
[BlackElo "1450"]
[Opening "QGD Slav defense"]
[ECO "D10"]
[Time "02:00:14"]
[TimeControl "2700+45"]

1. d4 d5 2. c4 c6 3. e3 Nf6 4. Nc3 g6 5. Nf3 Bh6 6. Bd3 O-O 7. O-O Bg4 8. h3 Bd7
9. cxd5 cxd5 10. Qb3 Bc8 11. Ne5 e6 12. Bd2 Nc6 13. Nxc6 bxc6 14. Rac1 Qc7 15.
Ne2 Rb8 16. Qa3 Nd7 17. Bb4 Re8 18. Bd6 Qb7 19. Bxb8 Qxb8 20. Rxc6 f6 21. Ba6 e5
22. Bxc8 Rxc8 23. Rxc8+ Qxc8 24. Qxa7 exd4 25. exd4 f5 26. Nc3 Nf6 27. Re1 Bd2
28. Re7 Bxc3 29. bxc3 Kh8 30. Qc7 Qf8 31. Rf7 {Black resigns} 1-0

[Event "Team 45 45 League T50"]
[Site "Internet Chess Club"]
[Date "2011.08.14"]
[Round "1"]
[White "blizzard13"]
[Black "tworivers"]
[Result "0-1"]
[WhiteElo "1359"]
[BlackElo "1455"]
[Opening "Queen's pawn: London system"]
[ECO "A45"]
[Time "10:01:09"]
[TimeControl "2700+45"]

1. d4 Nf6 2. Bf4 d6 3. Nf3 g6 4. e3 Bg7 5. Bd3 O-O 6. Nbd2 b6 7. h3 Bb7 8. g4 c5
9. c3 Nbd7 10. Rg1 Ne8 11. g5 e5 12. dxe5 dxe5 13. Nxe5 Nxe5 14. Be4 Nd3+ 15.
Bxd3 Qxd3 16. Qe2 Rd8 17. Rd1 Qxe2+ 18. Kxe2 Nd6 19. f3 f5 20. h4 Rfe8 21. Bxd6
Rxd6 22. Nc4 Rxd1 23. Rxd1 Ba6 24. b3 Re7 25. Rd8+ Kf7 26. Kd2 Bxc4 27. bxc4 Ke6
28. Kc2 Rd7 29. Re8+ Re7 30. Rd8 Rf7 31. f4 Bf8 32. Rd5 Bd6 33. Kb3 Rd7 34. Ka4
Bb8 35. Kb5 Rxd5 36. cxd5+ Kxd5 37. a4 Ke4 38. a5 bxa5 39. Kxc5 Bc7 40. Kb5 Kxe3
41. c4 Kd4 42. c5 a4 43. Kc6 a3 {White resigns} 0-1

[Event "Team 45 45 League T50"]
[Site "Internet Chess Club"]
[Date "2011.08.14"]
[Round "1"]
[White "medsurg"]
[Black "houseofcook"]
[Result "1/2-1/2"]
[WhiteElo "1329"]
[BlackElo "1399"]
[Opening "French: Steinitz, Boleslavsky variation"]
[ECO "C11"]
[Time "14:00:17"]
[TimeControl "2700+45"]

1. e4 e6 2. d4 d5 3. Nc3 Nf6 4. e5 Nfd7 5. f4 c5 6. Nf3 Nc6 7. Be3 cxd4 8. Nxd4
Bc5 9. Qd2 O-O 10. O-O-O a6 11. Kb1 Nxd4 12. Bxd4 b5 13. Qf2 Qc7 14. Bd3 b4 15.
Na4 Bxd4 16. Qxd4 a5 17. Rc1 Qc6 18. b3 Ba6 19. c3 Bxd3+ 20. Qxd3 bxc3 21. Rxc3
Qb7 22. Rhc1 Rfc8 23. Qc2 Rxc3 24. Qxc3 h6 25. Qc7 Qa7 26. Rc2 Kh7 27. g4 g6 28.
Qd6 Rb8 29. f5 Qg1+ 30. Kb2 Qd4+ 31. Ka3 Qb4+ 32. Kb2 Qxa4 33. fxe6 Qd4+ 34. Kb1
Qd1+ 35. Kb2 Qd4+ 36. Kb1 Qd1+ 37. Kb2 Qd4+ {Game drawn by repetition} 1/2-1/2

[Event "Team 45 45 League T50"]
[Site "Internet Chess Club"]
[Date "2011.08.14"]
[Round "1"]
[White "rook9999"]
[Black "zigzag2002"]
[Result "1-0"]
[WhiteElo "1742"]
[BlackElo "1661"]
[Opening "Sicilian: Labourdonnais-Löwenthal (Kalashnikov) variation"]
[ECO "B32"]
[Time "16:00:25"]
[TimeControl "2700+45"]

1. e4 c5 2. Nf3 Nc6 3. d4 cxd4 4. Nxd4 e5 5. Nb5 d6 6. N1c3 a6 7. Na3 b5 8. Nd5
Nge7 9. Bg5 f6 10. Be3 Nxd5 11. Qxd5 Qc7 12. c3 Be7 13. Nc2 Rb8 14. Bd2 Bb7 15.
Qd3 O-O 16. Ne3 Rfd8 17. Nd5 Qd7 18. Qg3 Qe6 19. Be2 Bf8 20. Bg4 Qf7 21. Bf5 Ne7
22. Nxe7+ Bxe7 23. Qh3 Kf8 24. Qxh7 d5 25. Qh3 Bc8 26. Bxc8 Rbxc8 27. Qf5 Rc4
28. exd5 Qxd5 29. O-O-O Ra4 30. Be3 Qc6 31. Rxd8+ Bxd8 32. Rd1 Be7 33. Qd7 Qxd7
34. Rxd7 Rxa2 35. Ra7 a5 36. Kb1 Ra4 37. Bc1 Bc5 38. Ra8+ Kf7 39. f3 b4 40. b3
{Black resigns} 1-0

[Event "Team 45 45 League T50"]
[Site "Internet Chess Club"]
[Date "2011.08.16"]
[Round "1"]
[White "cys456"]
[Black "Mymas"]
[Result "0-1"]
[WhiteElo "1583"]
[BlackElo "1498"]
[Opening "Sicilian"]
[ECO "B50"]
[Time "16:59:30"]
[TimeControl "2700+45"]

1. e4 c5 2. Nf3 d6 3. Nc3 g6 4. Bc4 Bg7 5. O-O Nc6 6. d3 Nf6 7. h3 O-O 8. Bf4
Bd7 9. Re1 Nh5 10. Be3 Qa5 11. d4 cxd4 12. Nxd4 Qb4 13. Nxc6 Bxc6 14. Bd5 Bxc3
15. bxc3 Qxc3 16. Bd4 Qa5 17. Bb3 e5 18. Be3 Qd8 19. Qf3 Qf6 20. Qxf6 Nxf6 21.
Bh6 Rfd8 22. Bg5 Kg7 23. f3 Rd7 24. Rad1 Re8 25. Re2 h6 26. Bxf6+ Kxf6 27. Red2
Red8 28. c4 b6 29. Kf2 Ke7 30. Ke3 Rf8 31. g3 f5 32. Bc2 fxe4 33. fxe4 Rc8 34.
g4 Bb7 35. Ba4 Rdd8 36. Bb3 Ba6 37. Rc2 Rc7 38. Rf1 Rdc8 39. Rfc1 b5 40. cxb5
Rxc2 41. Rxc2 Rxc2 42. Bxc2 Bxb5 43. Bb3 g5 44. Kf3 Bc6 45. Ke3 Kd7 46. Bc2 Ke6
47. Bb3+ d5 48. exd5+ Bxd5 49. Kd3 Bxb3 50. axb3 Kd5 51. Ke3 e4 52. Kd2 Kd4 53.
Ke2 e3 54. Ke1 Ke4 55. Ke2 Kf4 56. Ke1 Kf3 57. Kf1 Kg3 58. Ke2 Kxh3 59. Kxe3
Kxg4 {White resigns} 0-1

[Event "Team 45 45 League T50"]
[Site "Internet Chess Club"]
[Date "2011.08.11"]
[Round "1"]
[White "Joeohio"]
[Black "irock2011"]
[Result "1-0"]
[WhiteElo "1467"]
[BlackElo "1313"]
[Opening "Bishop's opening: Berlin defense"]
[ECO "C24"]
[Time "13:30:57"]
[TimeControl "2700+45"]

1. e4 e5 2. Bc4 Nf6 3. d3 c6 4. Nf3 d5 5. exd5 cxd5 6. Bb5+ Nc6 7. Nxe5 Bd7 8.
Nxd7 Qxd7 9. d4 Bd6 10. Nc3 O-O 11. O-O a6 12. Bd3 Nxd4 13. Bxh7+ Nxh7 14. Qxd4
Nf6 15. Bg5 Ng4 16. h3 Nh2 17. Rfd1 Rfe8 18. Nxd5 Nf3+ 19. gxf3 Qxh3 20. Nf4
Bxf4 21. Qxf4 Re2 22. Rd2 Rxd2 23. Qxd2 Qxf3 24. Re1 g6 25. Re3 Qg4+ 26. Rg3 Qe6
27. Bh6 Qe7 28. Qc3 f6 29. Rxg6+ Kh8 30. Qh3 Qe1+ 31. Kh2 Qxf2+ 32. Rg2 Qa7 33.
Bf8# {Black checkmated} 1-0

[Event "Team 45 45 League T50"]
[Site "Internet Chess Club"]
[Date "2011.08.11"]
[Round "1"]
[White "ausya"]
[Black "baseball613"]
[Result "0-1"]
[WhiteElo "1375"]
[BlackElo "1359"]
[Opening "Caro-Kann: Steinitz variation"]
[ECO "B17"]
[Time "21:08:44"]
[TimeControl "2700+45"]

1. e4 c6 2. d4 d5 3. Nc3 dxe4 4. Nxe4 Nd7 5. Nf3 Ngf6 6. Bd3 Nxe4 7. Bxe4 Nf6 8.
Bd3 Bg4 9. Be3 e6 10. O-O Bd6 11. h3 Bh5 12. Re1 Qc7 13. c4 O-O 14. c5 Be7 15.
g4 Bg6 16. g5 Nd5 17. Ne5 Bxd3 18. Qxd3 Nxe3 19. Qxe3 Rad8 20. h4 Rd5 21. f4
Rfd8 22. Nxf7 Kxf7 23. Qxe6+ Kf8 24. Re5 Rxe5 25. dxe5 Bxc5+ 26. Kh1 Rd4 27.
Qf5+ Ke8 28. Qxh7 Rxf4 29. Qg8+ Kd7 30. Rd1+ Rd4 31. Qxg7+ Kd8 32. Qg8+ Kd7 33.
Rxd4+ Bxd4 34. Qf7+ Kd8 35. e6 Qxf7 36. exf7 Ke7 37. g6 Bxb2 38. Kg2 Bg7 39. Kf3
Kf6 40. h5 Kg5 41. Ke4 Kxh5 42. f8=Q Bxf8 43. g7 Bxg7 44. Kd3 c5 45. Kc4 Bd4 46.
a4 Kg5 47. a5 Kf5 {White resigns} 0-1

[Event "Team 45 45 League T50"]
[Site "Internet Chess Club"]
[Date "2011.08.13"]
[Round "1"]
[White "Boromir"]
[Black "Epcot"]
[Result "1-0"]
[WhiteElo "1941"]
[BlackElo "1874"]
[Opening "Sicilian: Canal-Sokolsky attack, Sokolsky variation"]
[ECO "B52"]
[Time "03:00:35"]
[TimeControl "2700+45"]

1. e4 c5 2. Nf3 d6 3. Bb5+ Bd7 4. Bxd7+ Qxd7 5. c4 Nc6 6. d4 cxd4 7. Nxd4 Nf6 8.
Nc3 g6 9. f3 Bg7 10. Be3 Ne5 11. b3 O-O 12. O-O a6 13. Rc1 Rac8 14. Qd2 Rfd8 15.
Nd5 Nxd5 16. cxd5 Rc5 17. Ne2 Rxc1 18. Rxc1 e6 19. dxe6 Qxe6 20. Nf4 Qe8 21. Nd5
Nc6 22. Bg5 Rd7 23. Bf6 Qe6 24. Qc3 Bf8 25. Bh8 Ne5 26. Qc8 f5 27. Nf6+ Kf7 28.
Nxd7 Nxd7 29. Rc7 Ke7 30. Qxb7 Bh6 31. Bd4 Bf4 32. g3 Be5 33. Bxe5 dxe5 34. exf5
gxf5 35. Qc6 {Black resigns} 1-0

[Event "Team 45 45 League T50"]
[Site "Internet Chess Club"]
[Date "2011.08.11"]
[Round "1"]
[White "DARKwizard1"]
[Black "crimsonviper"]
[Result "1-0"]
[WhiteElo "1971"]
[BlackElo "1952"]
[Opening "Giuoco Piano"]
[ECO "C54"]
[Time "18:00:35"]
[TimeControl "2700+45"]

1. e4 e5 2. Nf3 Nc6 3. Bc4 Bc5 4. c3 Nf6 5. d3 d5 6. exd5 Nxd5 7. b4 Bb6 8. Qb3
Be6 9. a4 a6 10. Ng5 O-O 11. O-O h6 12. Nxe6 fxe6 13. Nd2 Rxf2 14. Rxf2 Qh4 15.
Ne4 Rf8 16. g3 Qg4 17. Ra2 Kh7 18. Kg2 Bxf2 19. Rxf2 Rxf2+ 20. Nxf2 Qe2 21. Bxd5
exd5 22. Qxd5 Qe1 23. Qe4+ {Black resigns} 1-0

[Event "Team 45 45 League T50"]
[Site "Internet Chess Club"]
[Date "2011.08.14"]
[Round "1"]
[White "BuddyT"]
[Black "Knight2night"]
[Result "1-0"]
[WhiteElo "1757"]
[BlackElo "1259"]
[Opening "King's Indian: 6.Be2"]
[ECO "E91"]
[Time "11:00:26"]
[TimeControl "2700+45"]

1. d4 Nf6 2. Nf3 g6 3. c4 Bg7 4. Nc3 d6 5. e4 O-O 6. Be2 Nbd7 7. Be3 c6 8. O-O
e5 9. Qd2 Qc7 10. Rac1 Ng4 11. Bg5 exd4 12. Nxd4 d5 13. Bxg4 Ne5 14. Bxc8 Raxc8
15. exd5 Nxc4 16. Qe2 Nxb2 17. Nf3 Qb6 18. dxc6 Rxc6 19. Nd5 Qa5 20. Ne7+ {Black
resigns} 1-0

[Event "Team 45 45 League T50"]
[Site "Internet Chess Club"]
[Date "2011.08.15"]
[Round "1"]
[White "oldsj"]
[Black "wrimle"]
[Result "0-1"]
[WhiteElo "1540"]
[BlackElo "1655"]
[Opening "Scandinavian gambit"]
[ECO "B01"]
[Time "15:01:25"]
[TimeControl "2700+45"]

1. e4 d5 2. exd5 Nf6 3. c4 c6 4. dxc6 Nxc6 5. Nf3 e5 6. d3 Bg4 7. h3 Bh5 8. Be2
Bc5 9. Nxe5 Qd4 10. O-O Bxe2 11. Nxc6 Qxf2+ 12. Rxf2 Bxf2+ 13. Kxf2 Bxd1 14. Nc3
bxc6 15. Nxd1 O-O-O 16. Be3 Rxd3 17. Bxa7 Rhd8 18. Ke2 Rd2+ 19. Ke1 Rxg2 20. Kf1
Rgd2 21. Nc3 Rh2 22. Kg1 Rxb2 23. a4 Rd3 24. Nd1 Rg3+ 25. Kf1 Rc2 26. c5 Rxh3
27. Kg1 Ng4 28. a5 Rg3+ 29. Kh1 Rh2# {White checkmated} 0-1

[Event "Team 45 45 League T50"]
[Site "Internet Chess Club"]
[Date "2011.08.12"]
[Round "1"]
[White "viking99"]
[Black "alexping"]
[Result "0-1"]
[WhiteElo "1829"]
[BlackElo "1911"]
[Opening "French defense"]
[ECO "C11"]
[Time "12:03:21"]
[TimeControl "2700+45"]

1. e4 e6 2. d4 d5 3. Nc3 Nf6 4. Bg5 h6 5. Bh4 g5 6. e5 gxh4 7. exf6 c5 8. Bb5+
Bd7 9. Qe2 cxd4 10. Bxd7+ Nxd7 11. Nb5 Qa5+ 12. Kd1 Qb6 13. Nf3 a6 14. Nbxd4
Qxb2 15. Kd2 Bb4+ 16. Ke3 Qc3+ 17. Kf4 Bd6+ 18. Kg4 Nxf6+ 19. Kxh4 Be7 20. Rab1
Ne4+ 21. Kh5 Qc7 22. Rb3 Qf4 {White resigns} 0-1

[Event "Team 45 45 League T50"]
[Site "Internet Chess Club"]
[Date "2011.08.12"]
[Round "1"]
[White "MontanaSky"]
[Black "Innes"]
[Result "1/2-1/2"]
[WhiteElo "1814"]
[BlackElo "1680"]
[Opening "QGD: semi-Slav"]
[ECO "A13"]
[Time "16:00:38"]
[TimeControl "2700+45"]

1. c4 e6 2. Nc3 c6 3. d4 d5 4. Nf3 f5 5. b3 Nf6 6. g3 Bb4 7. Bd2 Bxc3 8. Bxc3
Ne4 9. Bb4 Nd7 10. Bg2 Ndf6 11. O-O Nd6 12. Ne5 O-O 13. e3 a5 14. Ba3 Nfe4 15.
f3 Ng5 16. Rc1 Rf6 17. Qd2 Rh6 18. e4 Nh3+ 19. Bxh3 Rxh3 20. Kg2 Rh5 21. exd5
exd5 22. Bxd6 Qxd6 23. c5 Qf6 24. f4 Be6 25. Rce1 a4 26. b4 g5 27. Qe2 Qh6 28.
Nf3 g4 29. Qxe6+ Qxe6 30. Rxe6 gxf3+ 31. Kxf3 Rxh2 32. Rf2 Rh1 33. Re7 Rb8 34.
Rfe2 Rb1 35. a3 Rb3+ 36. R2e3 Rb2 37. R7e5 Rd2 38. Rxf5 Rxd4 39. Kg4 Rf8 40.
Rg5+ Kf7 41. Rh5 Rg8+ 42. Kh4 Rg7 43. Rhe5 Rd1 44. Re7+ Kf8 45. Rxg7 Kxg7 46.
Re7+ Kf6 47. Rxb7 Ra1 48. Rb6 Rxa3 49. Rxc6+ Ke7 50. b5 Rb3 51. b6 a3 52. Rc7+
Kd8 53. Ra7 d4 54. c6 Rxb6 55. Rxa3 Rxc6 56. Rd3 Rd6 57. Kg4 Ke7 58. Kf3 Kf6 59.
g4 Kg6 60. Ke4 h5 61. f5+ Kg5 62. gxh5 Rf6 63. Rg3+ Kxh5 64. Kf4 Kh6 65. Rh3+
Kg7 66. Rd3 Ra6 67. Rxd4 Kf6 68. Re4 Rb6 {Game drawn by mutual agreement}
1/2-1/2